 Dungeon Crawl Stone Soup version 0.32-a0-996-gb3226c233f (webtiles) character file.

Game seed: 1152252123318071633

98 GabrielManson the Ducker (level 4, 0/34 HPs)
             Began as a Gnoll Wanderer on Apr 23, 2024.
             Slain by Vbesf's ghost (1 damage)
             ... on level 3 of the Dungeon.
             The game lasted 00:07:50 (1896 turns).

GabrielManson the Ducker (Gnoll Wanderer)           Turns: 1896, Time: 00:07:51

Health: 0/34       AC:  3    Str: 10    XL:     4   Next: 71%
Magic:  11/11      EV: 14    Int: 12    God:
Gold:   141        SH:  0    Dex: 14    Spells: 12/13 levels left

rFire   . . .        a - +2 falchion
rCold   . . .        (no shield)
rNeg    . . .        d - +0 robe
rPois   .            (no helmet)
rElec   .            b - +0 cloak
rCorr   +            (no gloves)
SInv    .            (no boots)
Will    +....        g - amulet of the acrobat
Stlth   ++           f - ring of resist corrosion
HPRegen 0.25/turn    (no ring)
MPRegen 0.12/turn

%: acrobat
@: enlightened, flying
A: fangs 1, strong nose, distributed training, evolution 1
a: no special abilities


You were on level 3 of the Dungeon.
You visited 1 branch of the dungeon, and saw 3 of its levels.

You collected 141 gold pieces.

Inventory:

Hand Weapons
 a - a +2 falchion (weapon)
Armour
 b - a +0 cloak (worn)
 d - a +0 robe (worn)
Jewellery
 f - a ring of resist corrosion (left hand)
 g - an amulet of the acrobat (around neck)
 k - a ring of resist corrosion
Scrolls
 e - 4 scrolls of identify
 h - 2 scrolls of teleportation
 j - a scroll of revelation {unknown}


   Skills:
 + Level 2.8 Fighting
 + Level 1.2 Short Blades
 + Level 6.6 Long Blades
 + Level 1.2 Axes
 + Level 1.2 Maces & Flails
 + Level 1.2 Polearms
 + Level 1.2 Staves
 + Level 1.2 Ranged Weapons
 + Level 1.2 Throwing
 + Level 1.2 Armour
 + Level 6.6 Dodging
 + Level 1.2 Stealth
 + Level 1.2 Shields
 + Level 1.2 Unarmed Combat
 + Level 5.1 Spellcasting
 + Level 1.0 Conjurations
 + Level 1.0 Hexes
 + Level 1.0 Summonings
 + Level 2.3 Necromancy
 + Level 1.0 Translocations
 + Level 1.0 Fire Magic
 + Level 1.0 Ice Magic
 + Level 1.0 Air Magic
 + Level 1.0 Earth Magic
 + Level 1.0 Alchemy
 + Level 1.4 Invocations
 + Level 1.2 Evocations
 + Level 1.1 Shapeshifting


You had 12 spell levels left.
You knew the following spells:

 Your Spells              Type           Power      Damage    Failure   Level
a - Necrotise             Necr           32%        1d5       8%          1

Your spell library contained the following spells:

 Spells                   Type           Power      Damage    Failure   Level
 Ensorcelled Hibernation  Hex/Ice        10%        N/A       19%         2
 Fugue of the Fallen      Necr           8%         N/A       22%         3
 Vampiric Draining        Necr           8%         2d6       22%         3
 Anguish                  Hex/Necr       3%         N/A       69%         4


Dungeon Overview and Level Annotations

Branches:
Dungeon (3/15)

Altars:
Cheibriados

Shops:
D:2 :*:[[   D:3 !

Annotations:
D:3 1 transporter, Vbesf's ghost, weakling GnCA


Innate Abilities, Weirdness & Mutations

You have very sharp teeth.
Your uncanny sense of smell can sniff out nearby items.
Your experience applies equally to all skills.
You have hidden genetic potential.


Message History

You barely miss the hound. You bite the hound, but do no damage.
The hound is heavily wounded.
The hound closely misses you. The ufetubus hits you. The ufetubus misses you.
The hobgoblin misses you. Vbesf's ghost barely misses you.
The hound barely misses you.
You slash the hound!
You kill the hound!
The ufetubus barely misses you. x2; The hobgoblin completely misses you.
The ufetubus misses you.
The ufetubus hits you but does no damage.
Vbesf's ghost hits you!
* * * LOW HITPOINT WARNING * * *
Vbesf's ghost burns you.
* * * LOW HITPOINT WARNING * * *
Your Conjurations skill increases to level 1!
Your Hexes skill increases to level 1!
Your Summonings skill increases to level 1!
Your Translocations skill increases to level 1!
Your Fire Magic skill increases to level 1!
Your Ice Magic skill increases to level 1!
Your Air Magic skill increases to level 1!
Your Earth Magic skill increases to level 1!
Your Alchemy skill increases to level 1!
You feel better.
The ufetubus hits you but does no damage.
The ufetubus hits you. The rat bites you but does no damage.
The hobgoblin completely misses you. Vbesf's ghost hits you!
* * * LOW HITPOINT WARNING * * *
Vbesf's ghost burns you.
* * * LOW HITPOINT WARNING * * *
It was a potion of enlightenment.
You feel very buoyant.
You fly up into the air.
The ufetubus hits you.
* * * LOW HITPOINT WARNING * * *
The ufetubus misses you. The rat bites you but does no damage.
The hobgoblin closely misses you. The ufetubus barely misses you. x2
Vbesf's ghost hits you.
* * * LOW HITPOINT WARNING * * *
Vbesf's ghost burns you.
You die...

.## ###...#
########.............##
#.....................#
..........#########...#
._.......##.......##..#
.........#ß.......ß#..#
##....#..#.........#..##
#...#....#.....W.5.#....
...###..§#....©r@.?#©...
.#.# ##..#.....g..$#....
##.####..#.........#....
........#ß....)..ß#....
.#####..##©......##..##
.[ #...#########...#
#######...............#
.....<...............##
..##############


You could see Vbesf's ghost, an ufetubus, a hobgoblin and a rat.

Vanquished Creatures
  A hound (D:3)
  2 adders (D:2)
  2 ribbon worms (D:2)
  5 ball pythons
  3 bats
  4 endoplasms
  2 giant cockroaches (D:1)
  5 hobgoblins
  4 kobolds
  A quokka (D:1)
  A frilled lizard (D:1)
  8 goblins
  4 rats
42 creatures vanquished.

Notes
Turn   | Place    | Note
-------+----------+-------------------------------------------
     0 | D:1      | GabrielManson the Gnoll Wanderer began the quest for the
                  | Orb.
     0 | D:1      | GabrielManson set off with the following items: a +2
                  | falchion, a +0 cloak, a potion of curing, a +0 robe; and
                  | the following spell memorised: Necrotise; and the following
                  | spells available to memorise: Vampiric Draining.
     0 | D:1      | Reached XP level 1. HP: 17/17 MP: 6/6
   115 | D:1      | Reached XP level 2. HP: 23/23 MP: 7/7
   145 | D:1      | You fall into a shaft and drop 1 floor!
   250 | D:2      | Reached skill level 5 in Spellcasting
   250 | D:2      | Reached XP level 3. HP: 28/28 MP: 7/9
   358 | D:2      | Found Dijutt's Book Emporium.
   376 | D:2      | Found Pirahet's Book Shoppe.
   392 | D:2      | Reached skill level 1 in Invocations
   673 | D:2      | Reached skill level 1 in Short Blades
   673 | D:2      | Reached skill level 1 in Axes
   673 | D:2      | Reached skill level 1 in Maces & Flails
   673 | D:2      | Reached skill level 1 in Polearms
   673 | D:2      | Reached skill level 1 in Staves
   673 | D:2      | Reached skill level 1 in Ranged Weapons
   673 | D:2      | Reached skill level 1 in Throwing
   673 | D:2      | Reached skill level 1 in Armour
   673 | D:2      | Reached skill level 1 in Stealth
   673 | D:2      | Reached skill level 1 in Shields
   673 | D:2      | Reached skill level 1 in Unarmed Combat
   673 | D:2      | Reached skill level 1 in Evocations
   832 | D:2      | Found Dibbuqa's Antique Armour Shoppe.
   842 | D:2      | Found Dacvu's Antique Armour Boutique.
   987 | D:2      | Found Delant's General Store.
  1174 | D:1      | Gained mutation: You have hidden genetic potential. [potion
                  | of mutation]
  1204 | D:1      | Reached skill level 1 in Shapeshifting
  1204 | D:1      | Reached XP level 4. HP: 34/34 MP: 11/11
  1839 | D:3      | Found a transporter.
  1840 | D:3      | Found a transporter.
  1840 | D:3      | Noticed Vbesf's ghost (weakling GnCA)
  1847 | D:3      | Found a snail-covered altar of Cheibriados.
  1864 | D:3      | Found Ydeh's Distillery.
  1895 | D:3      | Reached skill level 1 in Conjurations
  1895 | D:3      | Reached skill level 1 in Hexes
  1895 | D:3      | Reached skill level 1 in Summonings
  1895 | D:3      | Reached skill level 1 in Translocations
  1895 | D:3      | Reached skill level 1 in Fire Magic
  1895 | D:3      | Reached skill level 1 in Ice Magic
  1895 | D:3      | Reached skill level 1 in Air Magic
  1895 | D:3      | Reached skill level 1 in Earth Magic
  1895 | D:3      | Reached skill level 1 in Alchemy
  1896 | D:3      | HP: 1/34 [Vbesf's ghost (1)]
  1896 | D:3      | Slain by Vbesf's ghost

Illustrated notes

Levels and vault maps discovered:
D:1:      sevenhm_arrival_forest_fort_small_3, layout_basic
D:2:      layout_basic, serial_shops, nicolae_shop_back_alley_shop,
          nicolae_shop_hallway_stairs, shop, nicolae_lakefront_shop,
          nicolae_shop_hallway_plus, minivault_4, nicolae_the_louvre
D:3:      layout_rooms, cheibriados_altar_1, serial_shops, shop,
          gammafunk_ghost_arena, shapermc_ecumenical_altar_starsandcircs

Skill      XL: |  1  2  3  4 |
---------------+-------------+-----
Necromancy     | 2 |  2.3
Spellcasting   | 5 |  5.1
Invocations    | 1 |  1.4
Short Blades   | 1 |  1.2
Axes           | 1 |  1.2
Maces & Flails | 1 |  1.2
Polearms       | 1 |  1.2
Staves         | 1 |  1.2
Ranged Weapons | 1 |  1.2
Throwing       | 1 |  1.2
Armour         | 1 |  1.2
Stealth        | 1 |  1.2
Shields        | 1 |  1.2
Unarmed Combat | 1 |  1.2
Evocations     | 1 |  1.2
Shapeshifting  | 1 |  1.1
Conjurations   | 1 |  1.0
Hexes          | 1 |  1.0
Summonings     | 1 |  1.0
Translocations | 1 |  1.0
Fire Magic     | 1 |  1.0
Ice Magic      | 1 |  1.0
Air Magic      | 1 |  1.0
Earth Magic    | 1 |  1.0
Alchemy        | 1 |  1.0
Fighting       | |  2.8
Long Blades    | |  6.6
Dodging        | |  6.6

Action                     |  1- 3 |  4- 6 || total
---------------------------+-------+-------++-------
  Melee: Falchion          |    97 |    25 ||   122
         Bite              |     8 |     4 ||    12
    Use: Potion            |     1 |     2 ||     3
         Scroll            |       |     2 ||     2
   Stab: Sleeping          |     4 |     1 ||     5
 Armour: Robe              |    34 |    16 ||    50
  Dodge: Dodged            |    56 |    37 ||    93

Table legend: (Time is in decaauts)
 A = Elapsed time spent in this place.
 B = Non-inter-level travel time spent in this place.
 C = Inter-level travel time spent in this place.
 D = Time resting spent in this place.
 E = Time spent auto-exploring this place.
 F = Levels seen in this place.
 G = Mean time per level.
                   A        B        C        D        E       F      G
               +--------+--------+--------+--------+--------+-----+--------+
         Total |   1890 |   1781 |    109 |    100 |   1336 |   3 |  630.0 |
       Dungeon |   1890 |   1781 |    109 |    100 |   1336 |   3 |  630.0 |
               +--------+--------+--------+--------+--------+-----+--------+

Top non-repeatable levels by time:
     D:1: 918 daAuts
     D:2: 915 daAuts
     D:3: 56 daAuts
